 Dungeon Crawl Stone Soup version bcrawl-1.37.2 (webtiles) character file.

Game seed: 9471044405723781323

142849 Leeroy the Slasher (level 3, 0/27 HPs)
             Began as a Vampire Skald on Feb 11, 2023.
             Slain by a goblin (2 damage)
             ... on level 1 of the Dungeon.
             The game lasted 00:00:50 (558 turns).

Leeroy the Slasher (Vampire Skald)                   Turns: 558, Time: 00:00:51

Health: 0/27       AC:  3    Str: 14    XL:     3   Next: 5%
Magic:  6/6        EV: 12    Int: 13    God:
Gold:   83         SH:  1    Dex: 13    Spells: 5/6 levels left

rFire    . . .     GDR:     26% a - +0 long sword
rCold    . . .     SeeInvis +   (no shield)
rNeg     . . .     Gourm    .   b - +0 leather armour
rPois    .         Faith    .   (no helmet)
rElec    .         Spirit   .   (no cloak)
rCorr    .         Reflect  .   (no gloves)
MR       .....                  (no boots)
Stlth    +.........             d - amulet of magic regeneration
HPRegen  0.38/turn              (no ring)
MPRegen  0.18/turn              (no ring)

@: regenerating quickly
A: claws 1, fangs 3, see invisible, unbreathing
a: Bat Form


You were on level 1 of the Dungeon.
You were full.

You visited 1 branch of the dungeon, and saw 1 of its levels.

You collected 83 gold pieces.

Inventory:

Hand Weapons
 a - a +0 long sword (weapon)
Armour
 b - a +0 leather armour (worn)
Jewellery
 d - an amulet of magic regeneration (around neck)
Scrolls
 c - a scroll of fog {unknown}
 e - a scroll of fear
 f - 2 scrolls of remove curse {unknown}
 g - a scroll of enchant weapon {unknown}
 i - a scroll of identify
Potions
 q - a potion of blood


   Skills:
 - Level 1.7 Fighting
 + Level 4.3 Long Blades
 - Level 0.8 Armour
 - Level 2.1 Dodging
 - Level 2.0 Spellcasting
 - Level 3.2 Charms


You had 5 spell levels left.
You knew the following spells:

 Your Spells              Type           Power        Failure   Level  Hunger
a - Infusion              Chrm           #.......     9%          1    None

Your spell library contained the following spells:

 Spells                   Type           Power        Failure   Level  Hunger
 Song of Slaying          Chrm           #.......     12%         2    ##.....
 Swiftness                Chrm/Air       #.......     24%         2    ##.....
 Ozocubu's Armour         Chrm/Ice       #.......     43%         3    ####...
 Regeneration             Chrm/Necr      #.........   43%         3    ####...
 Spectral Weapon          Hex/Chrm       #.......     43%         3    ####...


Dungeon Overview and Level Annotations

Branches:
Dungeon (1/12)

Altars:


Innate Abilities, Weirdness & Mutations

Your natural rate of healing is unusually fast.
You have sharp fingernails.
You have razor-sharp teeth.
You have supernaturally acute eyesight. (SInv)
You can survive without breathing.


Message History

The goblin is severely wounded.
The kobold hits you with a +0 whip. The goblin hits you with a +0 dagger.
The goblin hits you.
You are too injured to fight recklessly!
You are too injured to fight recklessly!
You are too injured to fight recklessly!
You are too injured to fight recklessly!
You are too injured to fight recklessly!
You are too injured to fight recklessly!
You closely miss the goblin.
The goblin is severely wounded.
The goblin hits you but does no damage. The kobold barely misses you.
The goblin hits you.
* * * LOW HITPOINT WARNING * * *
You barely miss the goblin.
The goblin is severely wounded.
The goblin hits you with a +0 dagger.
* * * LOW HITPOINT WARNING * * *
The goblin hits you.
You die...

.# #.# $ .. ##.# .#.. ##... ...
...###.. ..#(..# #.######.# .r#
#......รท.###g####.# #
########...g@K....# #
##'#######.## # ##...## #.# #.#
#### ##.....## #.###.#### ##.##
##.......####........#
#...####.........##......##.#####
.......'.........+...............
#...####.........##......##>#####
##.## ##.......###......##.#


You could see 2 goblins, a kobold and a rat.

Vanquished Creatures
  An ooze (D:1)
  2 dart slugs (D:1)
  3 leopard geckos (D:1)
  4 hobgoblins (D:1)
  3 kobolds (D:1)
  A ball python (D:1)
  2 bats (D:1)
  2 frilled lizards (D:1)
  3 rats (D:1)
21 creatures vanquished.

Notes
Turn   | Place    | Note
-------+----------+-------------------------------------------
     0 | D:1      | Leeroy the Vampire Skald began the quest for the Orb.
     0 | D:1      | Reached XP level 1. HP: 16/16 MP: 3/3
   146 | D:1      | Reached skill level 3 in Long Blades
   334 | D:1      | Reached XP level 2. HP: 22/22 MP: 5/5
   525 | D:1      | Reached skill level 4 in Long Blades
   549 | D:1      | Reached XP level 3. HP: 27/27 MP: 6/6
   558 | D:1      | Slain by a goblin

Skill      XL: |  1  2 |
---------------+-------+-----
Long Blades    | 3 4 |  4.3
Fighting       | |  1.7
Armour         | |  0.8
Dodging        | |  2.1
Spellcasting   | |  2.0
Charms         | |  3.2

Action                   || total
-------------------------++-------
Melee: Long sword        ||    50
       Bite              ||     3
 Stab: Sleeping          ||     7
  Eat: Corpse            ||     6
Armor: Leather armour    ||    12
Dodge: Dodged            ||    23
Block: Other             ||     1
